Map: Zen LE

Players

soul

  • Race: Terran Terran
  • League: Grandmaster
  • Spawn Location: 1:00

DnS - Winner!

  • Race: Protoss Protoss
  • League: Master
  • Spawn Location: 7:00

Event: StayAtHomestory Cup #1

VOD

Have the link to the VOD?

Description

Time

  • Played on: April 10, 2020, 3:02 p.m.
  • Length: 5:35

All games in this series

Show
View Real Time Build Order
Export as new Build Order

soul Terran 

Build Orders: Reaper Expand 

Get SALT Encoding   

  12  0:00  SCV  
  13  0:13  SCV  
  14  0:17  Supply Depot  
  14  0:25  SCV  
  15  0:38  SCV  
  15  0:41  Barracks  
  16  0:45  Refinery  
  16  0:50  SCV  
  17  1:03  SCV  
  18  1:16  SCV  
  19  1:29  Reaper  
  19  1:30  Orbital Command  
  20  1:48  Command Center  
  20  1:56  SCV  
  20  1:57  Supply Depot  
  21  2:01  Marine  
  21  2:08  SCV  
  23  2:15  Factory  
  23  2:23  Barracks Reactor  
  23  2:24  Refinery  
  23  2:26  SCV  
  24  2:38  SCV  
  25  2:50  SCV  
  25  2:52  Supply Depot  
  25  2:59  Widow Mine  
  25  3:02  SCV  
  25  3:03  Marine  
  25  3:04  Marine  
  29  3:06  Starport  
  29  3:15  SCV  
  30  3:20  Marine  
  30  3:22  Marine, Factory Tech Lab  
  32  3:28  SCV  
  33  3:38  Marine  
  32  3:42  Cyclone  
  32  3:43  Marine  
  32  3:45  Supply Depot  
  32  3:46  SCV  
  33  3:48  Viking  
  35  3:56  Marine  
  35  4:00  SCV  
  35  4:01  Marine  
  35  4:02  Supply Depot  
  38  4:12  SCV  
  38  4:14  Marine  
  38  4:15  Command Center, Siege Tank  
  43  4:19  Marine  
  43  4:23  Medivac  
  46  4:29  SCV  
  47  4:32  Marine  
  47  4:33  Supply Depot  
  47  4:36  Marine  
  49  4:41  SCV  
  50  4:49  Marine  
  50  4:51  Siege Tank  
  54  4:54  Marine  
  54  4:55  SCV  
  54  4:59  Viking  
  58  5:07  Marine  
  58  5:12  Marine  
  60  5:17  SCV  
Show
View Real Time Build Order
Export as new Build Order

DnS Protoss - Winner!

Build Orders: 1 Gate Expand, Colossus Rush 

Get SALT Encoding   

  12  0:00  Probe  
  13  0:12  Probe  
  14  0:18  Pylon  
  14  0:24  Probe (Chrono Boost)  
  15  0:38  Probe (Chrono Boost), Gateway  
  16  0:44  Probe (Chrono Boost)  
  16  0:46  Assimilator  
  17  0:52  Probe  
  18  1:04  Probe  
  19  1:16  Probe  
  20  1:24  Cybernetics Core  
  20  1:36  Nexus  
  20  1:38  Probe  
  21  1:43  Pylon  
  21  1:50  Probe  
  21  1:51  Assimilator  
  22  2:00  Stalker (Chrono Boost)  
  24  2:08  Shield Battery  
  24  2:09  Probe  
  24  2:12  Warp Gate  
  25  2:21  Probe  
  26  2:23  Stalker (Chrono Boost)  
  27  2:33  Probe  
  28  2:46  Stalker  
  28  2:49  Probe (Chrono Boost)  
  32  2:54  Robotics Facility  
  32  2:55  Probe (Chrono Boost)  
  32  3:01  Probe (Chrono Boost)  
  32  3:03  Probe (Chrono Boost)  
  34  3:12  Probe (Chrono Boost)  
  35  3:14  Probe (Chrono Boost)  
  35  3:19  Gateway  
  36  3:23  Probe (Chrono Boost)  
  36  3:24  Probe (Chrono Boost)  
  38  3:32  Probe  
  39  3:36  Probe  
  40  3:44  Probe, Observer (Chrono Boost)  
  42  3:48  Probe  
  42  3:51  Robotics Bay  
  42  3:53  Pylon  
  43  3:56  Probe  
  43  4:00  Stalker  
  46  4:03  Pylon  
  46  4:05  Assimilator  
  46  4:06  Assimilator  
  46  4:09  Warp Prism (Chrono Boost)  
  46  4:12  Probe  
  46  4:15  Pylon  
  49  4:18  Probe  
  49  4:23  Stalker  
  52  4:24  Probe  
  52  4:30  Probe  
  54  4:34  Colossus (Chrono Boost)  
  54  4:36  Probe  
  61  4:42  Probe  
  62  4:48  Sentry  
  62  4:49  Pylon  
  64  4:52  Stalker  
  64  4:57  Shield Battery  
  66  5:01  Gateway  
  66  5:05  Gateway  
  66  5:12  Adept  
  70  5:28  Stalker  
Tags
 
Add a new tag
Caveats
  • Supply blocks, unpowered buildings, or Contaminate may cause inaccurate times.
  • Supply counts are checked every 10 seconds.